 Dungeon Sprint DCSS version bcrawl-1.18 (webtiles) character file.

Game seed: 10230672179615320855

406 Freyura the Thaumaturge (level 6, -1/52 HPs)
             Began as a Demonspawn Wizard on Nov 3, 2019.
             Was a Believer of Sif Muna.
             Slain by a steam dragon (3 damage)
             ... in the Dungeon (Sprint V: "Ziggurat Sprint").
             The game lasted 00:07:30 (362 turns).

Freyura the Thaumaturge (Demonspawn Wizard)          Turns: 362, Time: 00:07:31

Health: -1/52      AC:  4    Str: 20    XL:     6   Next: 56%
Magic:  17/17      EV: 18    Int: 43    God:    Sif Muna [**....]
Gold:   0          SH:  0    Dex: 25    Spells: 20/21 levels left

rFire    . . .     SeeInvis .   F - +6 Majin-Bo {vamp, *Drain Str+12 Int+24}
rCold    . . .     Gourm    .   (shield currently unavailable)
rNeg     . . .     Faith    .   b - +0 robe
rPois    .         Spirit   .   c - +0 hat
rElec    .         Reflect  .   n - +1 cloak {MR+}
rCorr    .         Harm     .   (no gloves)
MR       +....     NoTele   +   (no boots)
Stlth    +++.......             (no amulet)
HPRegen  0.17/turn              x - +6 ring of dexterity
MPRegen  0.15/turn              w - +6 ring of dexterity

@: no status effects
A: claws 1, horns 1, talons 1, spiny 1
a: Divine Energy, Renounce Religion


You were in the Dungeon.
You worshipped Sif Muna.
Sif Muna was pleased with you.
You were not hungry.

You visited 1 branch

Inventory:

Hand Weapons
 F - the +6 Majin-Bo (weapon) {vamp, *Drain Str+12 Int+24}
   (You found it in the Dungeon)

   It inflicts no extra harm, but heals its wielder when it wounds a living foe.
   It affects your strength (+12).
   It affects your intelligence (+24).
   It causes draining when unequipped.
Armour
 b - a +0 robe (worn)
 c - a +0 hat (worn)
 n - a +1 cloak of magic resistance (worn)
Jewellery
 a - the ring "Ranahol" {+Inv rF+ rC- MR++}
   (You found it in the Dungeon)

   [ring of protection from fire]

   It protects you from fire.
   It makes you vulnerable to cold.
   It affects your resistance to hostile enchantments.
   It lets you turn invisible.
 w - a +6 ring of dexterity (right claw)
 x - a +6 ring of dexterity (left claw)
 y - a +6 ring of intelligence
 z - a +6 ring of intelligence
Wands
 C - a wand of disintegration (7)
 D - a wand of iceblast (4)
 E - a wand of acid (7)
Scrolls
 k - 4 scrolls of blinking
 q - 4 scrolls of amnesia
 r - 7 scrolls of fog
 s - 5 scrolls of identify
 t - 5 scrolls of remove curse
 u - 2 scrolls of fear
 A - 4 scrolls of enchant weapon
Potions
 d - 2 potions of brilliance
 e - 10 potions of curing
 g - 9 potions of heal wounds
 h - 6 potions of haste
 i - 7 potions of magic
 j - 3 potions of berserk rage
 l - 2 potions of invisibility
 m - 4 potions of resistance
 o - 5 potions of agility
 p - 5 potions of might
Miscellaneous
 v - a lightning rod (4/4)
Comestibles
 f - 6 rations {!d}


   Skills:
 + Level 6.1 Fighting
 + Level 5.5 Staves
 + Level 6.0 Dodging
 - Level 2.0 Stealth
 * Level 8.2 Spellcasting
 - Level 1.0 Conjurations
   Level 1.0 Summonings
   Level 0.8 Translocations
 + Level 6.4 Invocations


You had 20 spell levels left.
You knew the following spells:

 Your Spells              Type           Power        Failure   Level  Hunger
a - Magic Dart            Conj           ####         1%          1    None

Your spell library contained the following spells:

 Spells                   Type           Power        Failure   Level  Hunger
 Slow                     Hex            ###.....     1%          1    None
 Blink                    Tloc           N/A          1%          2    None
 Call Imp                 Summ           ####....     1%          2    None
 Sticks to Snakes         Tmut           ###.....     2%          2    None
 Sublimation of Blood     Necr           ###.......   2%          2    None
 Conjure Flame            Conj/Fire      ###.....     4%          3    None
 Mephitic Cloud           Conj/Pois/Air  ###.....     4%          3    None
 Stone Arrow              Conj/Erth      ###...       4%          3    None
 Ignite Poison            Fire/Tmut/Pois ###.....     5%          3    None
 Animate Dead             Necr           N/A          17%         4    None
 Yara's Violent Unravell  Hex/Tmut       ###.......   17%         4    None
 Blade Hands              Tmut           ###.......   43%         5    ##.....
 Lee's Rapid Deconstruct  Erth           ###.......   43%         5    ##.....
 Borgnjor's Vile Clutch   Necr/Erth      ###.......   95%         6    ####...


Dungeon Overview and Level Annotations

Branches:
Dungeon (1/1)

Altars:
Ashenzari
Cheibriados
Dithmenos
Elyvilon
Fedhas
Gozag
Hepliaklqana
Kikubaaqudgha
Lugonu
Makhleb
Nemelex Xobeh
Okawaru
Qazlal
Ru
Sif Muna
Trog
Uskayaw
Vehumet
Wu Jian
Xom
Yredelemnul
Zin
The Shining One
Beogh
Jiyva

Annotations:
D 1 transporter


Innate Abilities, Weirdness & Mutations

You have sharp fingernails.
You have a pair of small horns on your head.
You have sharp toenails.
You are partially covered in sharp spines.


Message History

The steam dragon breathes steam at you. The ball of steam hits you!
The swamp drake breathes noxious fumes at you.
The noxious blast engulfs you!
Unknown command.
You are engulfed in a cloud of scalding steam.
You are engulfed in a cloud of scalding steam.
The steam dragon is struck by your spines.
The steam dragon barely misses you. The steam dragon claws you.
The steam dragon misses you. The steam dragon closely misses you.
The steam dragon is struck by your spines.
The steam dragon bites you! The steam dragon claws you.
* * * LOW HITPOINT WARNING * * *
You sock the steam dragon!
The steam dragon is moderately wounded.
You are engulfed in a cloud of scalding steam.
* * * LOW HITPOINT WARNING * * *
The steam dragon breathes steam at you. The ball of steam misses you.
The steam dragon bites you.
You die...

▓.....▓.....▓.....▓
▓...††▓.....▓..©..▓
▓..©..▓..©..▓▓▓▓▓▓▓
▓▓▓▓▓▓▓▓▓▓▓▓▓▓
▓..8©8...▓
▓..}[|...▓
▓...k§...▓
▓..DDD...▓
▓...@....▓
▓...§....▓
▓...§....▓
▓▓▓▓▓▓▓▓▓▓


You could see a swamp drake and 3 steam dragons.

Vanquished Creatures
  A small abomination (D)
  2 wolves (D)
  A crimson imp (D)
  An iron imp (D)
  An iguana (D)
  A river rat (D)
  A shadow imp (D)
  A bat zombie (D)
9 creatures vanquished.

Notes
Turn   | Place    | Note
-------+----------+-------------------------------------------
     0 | D        | Freyura the Demonspawn Wizard began the quest for the Orb.
     0 | D        | Reached XP level 1. HP: 13/13 MP: 4/4
     0 | D        | Found a shimmering blue altar of Sif Muna.
     0 | D        | Found a bloodstained altar of Trog.
     0 | D        | Found a sacrificial altar of Ru.
     0 | D        | Found a stormy altar of Qazlal.
     0 | D        | Found an iron altar of Okawaru.
     1 | D        | Found a sparkling altar of Nemelex Xobeh.
     1 | D        | Found a blossoming altar of Fedhas.
     2 | D        | Found the +6 Majin-Bo {vamp, *Drain Str+12 Int+24}
     2 | D        | Found the +7 great mace "Firestarter" {inner flame, rF++}
     3 | D        | Found a transporter.
     3 | D        | Found an ancient bone altar of Kikubaaqudgha.
     3 | D        | Found a viscous altar of Jiyva.
     3 | D        | Found a corrupted altar of Lugonu.
     3 | D        | Found a hazy altar of Hepliaklqana.
     3 | D        | Found a burning altar of Makhleb.
     3 | D        | Found an opulent altar of Gozag.
    26 | D        | Found the +9 heavy crossbow "Sniper" {velocity, Acc+∞ SInv}
    26 | D        | Found the +10 dark maul {crush}
    26 | D        | Found the +15 Maxwell's patent armour {-Cast -Tele rElec
                  | MR+ rCorr}
    26 | D        | Found the +18 shield of the Gong {rElec rN+ MR+ EV-5}
    26 | D        | Found the cursed +14 obsidian axe {chop, +Fly SInv *Curse}
    39 | D        | Became a worshipper of Sif Muna the Loreminder
    56 | D        | Reached skill level 4 in Spellcasting
    56 | D        | Gained mutation: You have a pair of small horns on your
                  | head. [demonic ancestry]
    56 | D        | Reached XP level 2. HP: 24/24 MP: 4/7
    85 | D        | Entered arena 2.
    85 | D        | Noticed a crimson imp
    85 | D        | Found a transporter.
    96 | D        | Killed a crimson imp
    96 | D        | Reached * piety under Sif Muna
    96 | D        | Reached skill level 5 in Spellcasting
    96 | D        | Gained mutation: You have sharp fingernails. [demonic
                  | ancestry]
    96 | D        | Reached XP level 3. HP: 24/30 MP: 7/9
   102 | D        | Entered arena 3.
   102 | D        | Noticed a small abomination
   102 | D        | Found a transporter.
   104 | D        | Identified Duusalod's Compendium of Earthen Transmigration
                  | (Sif Muna gifted it to you in the Dungeon)
   104 | D        | Received a gift from Sif Muna
   108 | D        | HP: 1/30 [iron imp (2)]
   110 | D        | Killed a small abomination
   110 | D        | Reached skill level 5 in Fighting
   110 | D        | Reached skill level 5 in Dodging
   110 | D        | Reached skill level 6 in Spellcasting
   110 | D        | Gained mutation: You have sharp toenails. [demonic
                  | ancestry]
   110 | D        | Reached XP level 4. HP: 29/39 MP: 8/12
   110 | D        | Reached XP level 5. HP: 33/44 MP: 9/14
   112 | D        | Reached skill level 7 in Spellcasting
   121 | D        | Got the ring "Ranahol" {+Inv rF+ rC- MR++}
   231 | D        | Entered arena 4.
   231 | D        | Noticed a wolf
   231 | D        | Noticed a wolf
   231 | D        | Found a transporter.
   240 | D        | Killed a wolf
   240 | D        | Reached ** piety under Sif Muna
   240 | D        | Reached skill level 5 in Staves
   240 | D        | Reached skill level 5 in Invocations
   240 | D        | Gained mutation: You are partially covered in sharp spines.
                  | [demonic ancestry]
   240 | D        | Reached XP level 6. HP: 21/51 MP: 14/16
   244 | D        | Identified Sif Muna's Collected Works on Transmigration and
                  | Dark Arts (Sif Muna gifted it to you in the Dungeon)
   244 | D        | Received a gift from Sif Muna
   247 | D        | Reached skill level 8 in Spellcasting
   261 | D        | Got the cursed +3 great sword of Xom's Castigation {speed,
                  | +Inv Str+4 Dex+3 Stlth+}
   264 | D        | Got the cursed +0 scale mail of Ituelao {Int+5}
   358 | D        | Entered arena 5.
   358 | D        | Noticed a steam dragon
   358 | D        | Noticed a steam dragon
   358 | D        | Noticed a swamp drake
   358 | D        | Noticed a steam dragon
   358 | D        | Found a transporter.
   362 | D        | HP: 2/52 [steam dragon] (11)]
   362 | D        | Slain by a steam dragon

Skill      XL: |  1  2  3  4  5  6 |
---------------+-------------------+-----
Fighting       | 3 5 6 |  6.1
Staves         | 3 4 5 |  5.5
Dodging        | 3 4 5 6 |  6.0
Spellcasting   | 4 5 6 7 8 |  8.2
Invocations    | 2 4 5 6 |  6.4
Stealth        | |  2.0
Conjurations   | |  1.0
Summonings     | |  1.0
Translocations | |  0.8

Action                   |  1- 3 |  4- 6 || total
-------------------------+-------+-------++-------
Melee: Quarterstaff      |    13 |    15 ||    28
       Headbutt          |     3 |     3 ||     6
       Kick              |       |     6 ||     6
Evoke: Wand              |     2 |     1 ||     3
  Use: Potion            |     2 |       ||     2
  Eat: Ration            |     1 |       ||     1
Armor: Robe              |     2 |     3 ||     5
Dodge: Dodged            |     7 |    37 ||    44
